 Dungeon Crawl Stone Soup version 0.26-a0-1107-g6118521029 (webtiles) character file.

Game seed: 8960888367597910462

290 night the Stinger (level 6, -3/41 HPs)
             Began as a Demonspawn Venom Mage on Dec 16, 2020.
             Slain by a phantom (8 damage)
             ... on level 4 of the Dungeon.
             The game lasted 00:08:48 (4229 turns).

night the Stinger (Demonspawn Venom Mage)           Turns: 4229, Time: 00:08:48

Health: -3/41      AC:  2    Str:  9    XL:     6   Next: 9%
Magic:  4/12       EV: 12    Int: 18    God:
Gold:   135        SH:  0    Dex: 13    Spells: 3/13 levels left

rFire    . . .     SeeInvis .   o - +4 dagger
rCold    + . .     Faith    .   (no shield)
rNeg     . . .     Spirit   .   a - +0 robe
rPois    .         Reflect  .   (no helmet)
rElec    .         Harm     .   (no cloak)
rCorr    .         Rampage  .   (no gloves)
Will     .....                  (no boots)
Stlth    ++........             (no amulet)
HPRegen  0.13/turn              (no ring)
MPRegen  0.13/turn              (no ring)

@: no status effects
A: talons 1, cold resistance 1, miasma immunity
a: no special abilities


You were on level 4 of the Dungeon.
You visited 1 branch of the dungeon, and saw 4 of its levels.

You collected 135 gold pieces.

Inventory:

Hand Weapons
 c - a +0 dagger
 m - a +0 mace of protection
 o - a +4 dagger (weapon)
 p - a +3 dagger of venom
Missiles
 b - 103 stones
 q - a boomerang (quivered)
Armour
 a - a +0 robe (worn)
 l - a +0 scale mail
Scrolls
 d - 8 scrolls of identify {unknown}
 f - a scroll of teleportation
 g - 4 scrolls of remove curse
Potions
 e - 2 potions of invisibility {unknown}
 h - 4 potions of flight {unknown}
 i - a potion of curing
 k - a potion of heal wounds {unknown}
 n - 2 potions of haste {unknown}
 r - 2 potions of degeneration {unknown}


   Skills:
 - Level 1.7 Dodging
 - Level 1.7 Stealth
 + Level 4.4 Spellcasting
 - Level 0.8 Transmutations
 + Level 5.3 Poison Magic


You had 3 spell levels left.
You knew the following spells:

 Your Spells              Type           Power        Failure   Level
a - Sting                 Tmut/Pois      ###.         4%          1
b - Poisonous Vapours     Pois/Air       ##....       7%          2
c - Ignite Poison         Fire/Tmut/Pois ##......     19%         3
d - Olgreb's Toxic Radia  Pois           ###.....     16%         4

Your spell library contained the following spells:

 Spells                   Type           Power        Failure   Level
 Mephitic Cloud           Conj/Pois/Air  ##......     21%         3
 Confusing Touch          Hex            #.......     38%         3
 Gell's Gravitas          Tloc           #.........   38%         3
 Petrify                  Tmut/Erth      #.......     75%         4
 Yara's Violent Unravell  Hex/Tmut       #.........   97%         5
 Metabolic Englaciation   Hex/Ice        #.........   98%         5


Dungeon Overview and Level Annotations

Branches:
Dungeon (4/15)
 Temple: D:4-7

Altars:
Fedhas


Innate Abilities, Weirdness & Mutations

You have sharp toenails.
Your flesh is cold resistant. (rC+)
You are immune to miasma.


Message History

You hit the phantom. You claw the phantom.
The phantom is severely damaged.
The phantom hits you.
* * * LOW HITPOINT WARNING * * *
You hit the phantom but do no damage.
The phantom is severely damaged.
The phantom hits you!
* * * LOW HITPOINT WARNING * * *
The phantom blinks!
The phantom blinks!
Throw: 2 boomerangs
Press: ? - help, Q - select action, (/) - cycle Shift-Dir - straight line, f - phantom
Aim: a phantom (heavily damaged)
You throw a boomerang.
The boomerang closely misses the phantom.
The phantom blinks!
A giant cockroach comes into view.
The phantom blinks!
The phantom hits you!
You die...

### #.# #.#########
#..........
#.######### #.# ###
##### #.# ...
#...#################
#.# #####.
....<........§..@WB.#
#.# #.....
#.).###############.#
#.# ###### #...# #.#
...... #...#
#.######### #..†#
#.......... #.†.#
########### #...#
....# #....#


You could see a phantom and a giant cockroach.

Vanquished Creatures
  A howler monkey (D:4)
  An orc wizard (D:4)
  An orc priest (D:4)
  Terence (D:2)
  A worker ant (D:4)
  3 gnolls
  5 adders
  A worm (D:4)
  A dart slug (D:2)
  2 leopard geckos (D:3)
  5 orcs
  7 bats
  A giant cockroach (D:3)
  12 goblins
  7 hobgoblins
  4 jackals (D:1)
  6 kobolds (D:1)
  A quokka (D:4)
  2 frilled lizards
  3 rats (D:1)
65 creatures vanquished.

Vanquished Creatures (others)
  2 plants (D:1)
2 creatures vanquished.

Grand Total: 67 creatures vanquished

Notes
Turn   | Place    | Note
-------+----------+-------------------------------------------
     0 | D:1      | night the Demonspawn Venom Mage began the quest for the
                  | Orb.
     0 | D:1      | Reached XP level 1. HP: 13/13 MP: 3/3
   277 | D:1      | Gained mutation: Your flesh is cold resistant. (rC+)
                  | [demonic ancestry]
   277 | D:1      | Reached XP level 2. HP: 19/19 MP: 3/5
  1454 | D:2      | Gained mutation: You have sharp toenails. [demonic
                  | ancestry]
  1454 | D:2      | Reached XP level 3. HP: 18/24 MP: 2/7
  1637 | D:2      | Noticed Terence
  1655 | D:2      | Killed Terence
  1656 | D:2      | Reached skill level 4 in Poison Magic
  1714 | D:2      | Reached XP level 4. HP: 26/30 MP: 5/8
  2044 | D:2      | Found a blossoming altar of Fedhas.
  3545 | D:3      | Reached XP level 5. HP: 33/35 MP: 8/10
  3921 | D:4      | Reached skill level 5 in Poison Magic
  3976 | D:4      | Noticed an ogre
  4101 | D:3      | Learned a level 2 spell: Poisonous Vapours
  4105 | D:3      | Learned a level 3 spell: Ignite Poison
  4110 | D:3      | Learned a level 4 spell: Olgreb's Toxic Radiance
  4148 | D:4      | Noticed a phantom
  4161 | D:4      | Gained mutation: You are immune to miasma. [demonic
                  | ancestry]
  4161 | D:4      | Reached XP level 6. HP: 39/41 MP: 7/12
  4216 | D:4      | HP: 3/41 [phantom (8)]
  4229 | D:4      | Slain by a phantom

Illustrated notes

Levels and vault maps discovered:
D:1:      evilmike_arrival_crescent, layout_loops_ring, serial_bayou,
          serial_bayou_shore_a, serial_bayou_pond_d, serial_bayou_lagoon_a,
          serial_bayou_lagoon_b, hangedman_abyss_or_decor_stabs,
          chequers_decorated_corner
D:2:      layout_basic, fedhas_altar_4, uniq_terence
D:3:      layout_basic, grunt_decor_arrowhead
D:4:      layout_basic, chequers_temple_overflow_statue_of_worship,
          eat_drink_and_be_merry_uskayaw, temple_statues, serial_shops, shop,
          gammafunk_ghost_smash

Skill      XL: |  1  2  3  4  5 |
---------------+----------------+-----
Spellcasting   | 3 4 |  4.4
Poison Magic   | 4 5 |  5.3
Dodging        | |  1.7
Stealth        | |  1.7
Transmutations | |  0.8

Action                   |  1- 3 |  4- 6 || total
-------------------------+-------+-------++-------
Melee: Dagger            |    28 |     3 ||    31
       Mace              |       |    33 ||    33
       Kick              |       |     6 ||     6
Throw: Boomerang         |       |     6 ||     6
 Cast: Sting             |    47 |    72 ||   119
  Use: Scroll            |       |     5 ||     5
Armor: Robe              |    17 |    12 ||    29
       Scale mail        |       |     9 ||     9
Dodge: Dodged            |    35 |    42 ||    77

Table legend: (Time is in decaauts)
 A = Elapsed time spent in this place.
 B = Non-inter-level travel time spent in this place.
 C = Inter-level travel time spent in this place.
 D = Time resting spent in this place.
 E = Time spent auto-exploring this place.
 F = Levels seen in this place.
 G = Mean time per level.
                   A        B        C        D        E       F      G
               +--------+--------+--------+--------+--------+-----+--------+
         Total |   4286 |   4165 |    121 |    994 |   2451 |   4 | 1071.5 |
       Dungeon |   4286 |   4165 |    121 |    994 |   2451 |   4 | 1071.5 |
               +--------+--------+--------+--------+--------+-----+--------+

Top non-repeatable levels by time:
     D:1: 1478 daAuts
     D:3: 1407 daAuts
     D:2: 1004 daAuts
     D:4: 397 daAuts
